 Dungeon Sprint DCSS version 0.19-a0-1827-g174f941 (webtiles) character file.

25292 Theye the Swordmaster (level 27, 0/291 HPs)
             Began as a Deep Dwarf Fighter on Oct 7, 2016.
             Was the Champion of Makhleb.
             Slain by a Hell Sentinel (11 damage)
             ... in the Dungeon (Sprint VI: "Thunderdome").
             The game lasted 00:33:46 (5128 turns).

Theye the Swordmaster (Deep Dwarf Fighter)          Turns: 5128, Time: 00:33:46

Health: 0/291      AC: 44    Str: 28    XL:     27
Magic:  21/21      EV: 21    Int: 13    God:    Makhleb [******]
Gold:   327        SH: 21    Dex: 28    Spells: 0 memorised, 26 levels left

rFire  + + +     SeeInvis +     m - +9 double sword (flame)
rCold  + . .     Gourm    .     x - +8 gold dragon armour
rNeg   + + +     Faith    .     d - +0 shield of the Orb Guardian {rElec rPois rN+ Stlth+} (curse)
rPois  +         Spirit   .     c - +1 hat of Notti {+Blink Str+2}
rElec  +         Dismiss  .     C - +4 dragonskin cloak
rCorr  .         Reflect  .     w - +0 pair of gloves of Dim Light {rElec rF++} (curse)
MR     ++++.     Harm     .     v - +1 pair of boots of the Poles {rF+ Dex+2 Stlth-}
Stlth  .......... NoTele   +    s - amulet of Tuwoc {+Rage rPois Slay+3}
                                A - ring of Ruphoiw {rN+ Str+6 Stlth-}
                                r - ring "Upnaej" {rF+ Slay+3 SInv}

@: agile, non-regenerating, slowed, studying Throwing, very slow
A: damage resistance, recharge devices, negative energy resistance 1, sense
surroundings 3, slow regeneration 3
a: Device Recharging, Minor Destruction, Lesser Servant of Makhleb, Major
Destruction, Greater Servant of Makhleb, Renounce Religion, Evoke Blink, Evoke
Berserk Rage
0: Orb of Zot
}: 5/15 runes: serpentine, slimy, elven, silver, gossamer


You were in the Dungeon.
You worshipped Makhleb.
Makhleb was exalted by your worship.
You were not hungry.

You visited 1 branch You collected 14160 gold pieces.
You spent 13833 gold pieces at shops.

Inventory:

Hand Weapons
 a - a +0 long sword
 m - a +9 double sword of flaming (weapon)
Armour
 c - the +1 hat of Notti (worn) {+Blink Str+2}
   (You bought it in a shop in the Dungeon)

   It affects your strength (+2).
   It lets you blink.
 d - the cursed +0 shield of the Orb Guardian (worn) {rElec rPois rN+ Stlth+}
   (You bought it in a shop in the Dungeon)

   It insulates you from electricity.
   It protects you from poison.
   It protects you from negative energy.
   It makes you more stealthy.
   It has a curse placed upon it.
 v - the +1 pair of boots of the Poles (worn) {rF+ Dex+2 Stlth-}
   (You found it in the Dungeon)

   It affects your dexterity (+2).
   It protects you from fire.
   It makes you less stealthy.
 w - the cursed +0 pair of gloves of Dim Light (worn) {rElec rF++}
   (You bought it in a shop in the Dungeon)

   It greatly protects you from fire.
   It insulates you from electricity.
   It has a curse placed upon it.
 x - a +8 gold dragon armour (worn)
 y - the +3 large shield of Caschy {rC+ Int+2}
   (You bought it in a shop in the Dungeon)

   It affects your intelligence (+2).
   It protects you from cold.
 B - the cursed +0 pair of boots of Surprise {rElec rF+ rC+ Dex+3}
   (You bought it in a shop in the Dungeon)

   It affects your dexterity (+3).
   It protects you from fire.
   It protects you from cold.
   It insulates you from electricity.
   It has a curse placed upon it.
 C - the +4 dragonskin cloak (worn)
   (You took it off Tiamat in the Dungeon)
 I - the cursed +0 pair of boots of Trumpets {Int+4 Dex+3}
   (You bought it in a shop in the Dungeon)

   It affects your intelligence (+4).
   It affects your dexterity (+3).
   It has a curse placed upon it.
 J - the +5 buckler of Inevitability {Slay+3}
   (You bought it in a shop in the Dungeon)

   It affects your accuracy and damage with ranged weapons and melee attacks
   (+3).
Jewellery
 r - the ring "Upnaej" (left hand) {rF+ Slay+3 SInv}
   (You bought it in a shop in the Dungeon)

   [ring of protection from fire]

   It affects your accuracy and damage with ranged weapons and melee attacks
   (+3).
   It protects you from fire.
   It lets you see invisible.
 s - the amulet of Tuwoc (around neck) {+Rage rPois Slay+3}
   (You bought it in a shop in the Dungeon)

   [amulet of rage]

   It affects your accuracy and damage with ranged weapons and melee attacks
   (+3).
   It protects you from poison.
   It lets you go berserk.
 A - the ring of Ruphoiw (right hand) {rN+ Str+6 Stlth-}
   (You bought it in a shop in the Dungeon)

   [ring of positive energy]

   It affects your strength (+6).
   It protects you from negative energy.
   It makes you less stealthy.
 K - the ring "Egumeiva" {rElec rF+ rC+ MP+9 Int+3}
   (You bought it in a shop in the Dungeon)

   [ring of protection from cold]

   It affects your intelligence (+3).
   It protects you from fire.
   It protects you from cold.
   It insulates you from electricity.
   It affects your magic capacity (+9).
Wands
 e - a wand of heal wounds (1/9)
 n - a wand of acid (0/15)
 o - a wand of iceblast (0/15)
Scrolls
 f - 5 scrolls of identify
 h - 3 scrolls of recharging
 l - 4 scrolls of blinking
 p - 3 scrolls of fog
 u - a scroll of enchant weapon
Potions
 g - 2 potions of curing
 j - 2 potions of magic
 t - a potion of cure mutation
 z - 5 potions of agility
Books
 H - a manual of Throwing
Comestibles
 k - 6 royal jellies


   Skills:
 + Level 25.6 Fighting
 O Level 27 Long Blades
 + Level 23.1 Armour
 + Level 11.4 Dodging
 O Level 27 Shields
 + Level 9.4 Invocations
 O Level 27 Evocations


You had 26 spell levels left.
You didn't know any spells.

Dungeon Overview and Level Annotations

Branches:
Dungeon (1/1)

Altars:
Cheibriados
Dithmenos
Fedhas
Gozag
Kikubaaqudgha
Makhleb
Okawaru
Qazlal
Ru
Sif Muna
Trog
Uskayaw
Vehumet
Xom
Yredelemnul
Zin
The Shining One
Beogh
Jiyva
Lugonu

Shops:
D [%??*?*:[((!!!


Innate Abilities, Weirdness & Mutations

You are resistant to damage.
You can recharge devices by infusing magical energy.
You resist negative energy. (rN+)
You passively map a large area around you.
You do not regenerate.


Message History

The bolt of negative energy hits the Hell Sentinel.
The Hell Sentinel completely resists.
The bolt of negative energy hits you! You resist.
The Ice Fiend gestures at you.
The bolt of cold hits the Ice Fiend.
The Ice Fiend completely resists.
The bolt of cold hits the Hell Sentinel.
The Hell Sentinel completely resists.
The bolt of cold misses you.
Evoke which item? (* to show all) (? for menu, Esc to quit)
Zapping:
e - a wand of heal wounds (2/9)
Press: ? - help, Shift-Dir - straight line Nothing appears to happen.
This wand has 1 charge left.
The Executioner gestures.
The Hell Sentinel closely misses you. You block the Hell Sentinel's attack.
The Tzitzimitl engulfs you. You block the Tzitzimitl's attack.
The Executioner gestures.
The Tzitzimitl calls on the powers of darkness!
Your body is wracked with pain!
* * * LOW HITPOINT WARNING * * *
The Hell Sentinel hits you!
You die...

#∩.(((...∩# #_...(..._#
#).....[._# #_[....(._#
###...1414[.### #§....41111..⌠#
######(8()(12&1118.######
##∩_._....))###11)...___∩##
##∩.....(((8(# #@81.....[.∩###
..=...|....)[###..(...[......##
.......(..###...###(....}[...⌠#
........()# #...# #.(........⌠#
......[.=.###)..###..(.......⌠#
.....)...(..)###(.....((.....##
##∩=.......8.# #.8........∩###
##∩___......###......_._∩##
######)8.........8[######


You could see Todghobawk (invisible), 4 Hell Sentinels, 3 Tzitzimimeh, 2
Brimstone Fiends, 2 Ice Fiends, an Executioner and 2 orange demons.

Vanquished Creatures
  Mennas (D)
  2 orbs of fire (D)
  An ancient lich (D)
  Tiamat (D)
  An acid blob (D)
  A Killer Klown (D)
  Fannar (D)
  A Tzitzimitl (D)
  2 electric golems (D)
  A Hell Sentinel (D)
  A hellephant (D)
  3 Ice Fiends (D)
  9 Orb Guardians (D)
  7 titans (D)
  A sphinx (shapeshifter) (D)
  3 Executioners (D)
  5 frost giants (D)
  2 fire giants (D)
  2 orc warlords (D)
  13 stone giants (D)
  2 vampire knights (D)
  An anaconda (D)
  A dire elephant (D)
  A jumping spider (D)
  3 merfolk javelineers (D)
  A merfolk impaler (D)
  A minotaur (shapeshifter) (D)
  A hydra (shapeshifter) (D)
  A hell beast (D)
  A catoblepas (D)
  13 dancing weapons (D)
  A hell hog (D)
  6 merfolk aquamancers (D)
  5 vampire magi (D)
  A shock serpent (shapeshifter) (D)
  5 iron trolls (D)
  3 hell knights (D)
  A sea snake (D)
  A death drake (shapeshifter) (D)
  5 deep trolls (D)
  An orc knight (D)
  A wolf spider (D)
  An orc sorcerer (D)
  18 shining eyes (D)
  11 orb spiders (D)
  2 oklob plants (D)
  A moth of wrath (D)
  2 moths of wrath (shapeshifter) (D)
  A siren (D)
  A water nymph (shapeshifter) (D)
  4 spiny frogs (D)
  15 hellions (D)
  7 efreet (D)
  3 hellwings (D)
  A queen bee (D)
  6 trolls (D)
  A wind drake (D)
  A dream sheep (D)
  A blink frog (D)
  3 bog bodies (D)
  A snapping turtle (D)
  2 redbacks (shapeshifter) (D)
  An air elemental (D)
  A water elemental (D)
  Sigmund (D)
  3 vampires (D)
  2 redbacks (D)
  A basilisk (D)
  15 neqoxecs (D)
  A water moccasin (D)
  A hell hound (D)
  3 sky beasts (D)
  3 necrophages (D)
  An ogre (D)
  An eye of draining (shapeshifter) (D)
  4 killer bees (D)
  A jelly (shapeshifter) (D)
  Jessica (D)
  A lightning spire (D)
  An adder skeleton (D)
  A leopard gecko (D)
  A goblin (D)
  A ball python zombie (D)
  6 kobolds (D)
  A quokka skeleton (D)
248 creatures vanquished.

Vanquished Creatures (others)
  2 orb spiders (D)
  An efreet (D)
  3 kobolds (D)
6 creatures vanquished.

Grand Total: 254 creatures vanquished

Notes
Turn   | Place    | Note
-------+----------+-------------------------------------------
     0 | D        | Theye the Deep Dwarf Fighter began the quest for the Orb.
     0 | D        | Reached XP level 1. HP: 20/20 MP: 1/1
     4 | D        | Found a corrupted altar of Lugonu.
     5 | D        | Found a shimmering altar of Xom.
     5 | D        | Round 1.
     6 | D        | Found a shadowy altar of Dithmenos.
     6 | D        | Found a stormy altar of Qazlal.
     7 | D        | Found Ipoud's Do-It-Yourself Clinic.
     7 | D        | Found a sacrificial altar of Ru.
     7 | D        | Found an iron altar of Okawaru.
     7 | D        | Found Rissit's Distillery.
     8 | D        | Found Eptusex's Bottled Wisdom.
     8 | D        | Found Fycselis's Distillery.
    10 | D        | Found a viscous altar of Jiyva.
    11 | D        | Found Vup Wong's Weapon Rack.
    12 | D        | Found a deep blue altar of Sif Muna.
    12 | D        | Found a radiant altar of Vehumet.
    12 | D        | Found an opulent altar of Gozag.
    12 | D        | Found Loifoph's Premium Goods.
    12 | D        | Found Keenaj's Basic Armour.
    12 | D        | Found Zuhar's Miscellaneous Merchandise.
    16 | D        | Found an ancient bone altar of Kikubaaqudgha.
    17 | D        | Found a glowing silver altar of Zin.
    18 | D        | Found a glowing golden altar of the Shining One.
    19 | D        | Found Miut's Identification Station.
    20 | D        | Found Paerph's Advanced Armour.
    20 | D        | Found Madgh's Jewellery.
    20 | D        | Found a snail-covered altar of Cheibriados.
    20 | D        | Found a hide-covered altar of Uskayaw.
    20 | D        | Found Anarojum's Bee Food.
    25 | D        | Found a basalt altar of Yredelemnul.
    27 | D        | Found a burning altar of Makhleb.
    28 | D        | Found a roughly hewn altar of Beogh.
    28 | D        | Found a blossoming altar of Fedhas.
    28 | D        | Found a bloodstained altar of Trog.
    28 | D        | Found Nuetyupp's Magic Scroll Shop.
    28 | D        | Found Wenuyhir's Staff Store.
    29 | D        | Found Darestam's Magic Scroll Shop.
    29 | D        | Found Pouptyh's Must-Have Magic.
    37 | D        | Became a worshipper of Makhleb the Destroyer
    61 | D        | Noticed Jessica
    64 | D        | Killed Jessica
    64 | D        | Reached XP level 2. HP: 30/30 MP: 2/4
   117 | D        | Noticed Sigmund
   118 | D        | Reached * piety under Makhleb
   118 | D        | Reached XP level 3. HP: 34/36 MP: 5/5
   132 | D        | Killed Sigmund
   132 | D        | Reached skill level 5 in Fighting
   132 | D        | Reached skill level 5 in Long Blades
   132 | D        | Reached skill level 5 in Evocations
   132 | D        | Reached XP level 4. HP: 38/46 MP: 5/8
   132 | D        | Reached XP level 5. HP: 43/52 MP: 5/9
   156 | D        | Arena points: 5 (+5) [x1]
   169 | D        | Round 2.
   173 | D        | Bought 3 royal jellies for 24 gold pieces
   173 | D        | Bought 3 royal jellies for 24 gold pieces
   179 | D        | Bought a flickering ivory ring for 45 gold pieces
   179 | D        | Bought a faintly glowing iron ring for 45 gold pieces
   179 | D        | Bought a warped crystal amulet for 45 gold pieces
   179 | D        | Identified the amulet of Tuwoc {+Rage rPois Slay+3} (You bought it in a shop in the Dungeon)
   180 | D        | Identified the ring "Upnaej" {rF+ Slay+3 SInv} (You bought it in a shop in the Dungeon)
   181 | D        | Identified the ring "Giyneaf" {Wiz Str+5} (You bought it in a shop in the Dungeon)
   203 | D        | Noticed a necrophage
   213 | D        | Reached ** piety under Makhleb
   214 | D        | Killed a necrophage
   214 | D        | Reached XP level 6. HP: 60/60 MP: 9/11
   255 | D        | Arena points: 15 (+10) [x1]
   270 | D        | Round 3.
   271 | D        | Noticed a sky beast
   272 | D        | Noticed a sky beast
   273 | D        | Noticed a sky beast
   274 | D        | Noticed an air elemental
   279 | D        | Noticed a wind drake
   285 | D        | Killed an air elemental
   285 | D        | Reached *** piety under Makhleb
   285 | D        | Reached skill level 1 in Dodging
   288 | D        | Killed a sky beast
   288 | D        | Reached XP level 7. HP: 41/68 MP: 11/13
   296 | D        | Killed a wind drake
   302 | D        | Reached **** piety under Makhleb
   302 | D        | Arena points: 57 (+42) [x2]
   339 | D        | Round 4.
   341 | D        | Noticed a neqoxec
   341 | D        | Noticed a neqoxec
   346 | D        | Killed a neqoxec
   346 | D        | Reached XP level 8. HP: 52/76 MP: 13/15
   349 | D        | Reached skill level 10 in Long Blades
   464 | D        | Gained mutation: Your system is resistant to poisons. (rPois) [a neqoxec]
   465 | D        | Gained mutation: You occasionally shout uncontrollably at your foes. [a neqoxec]
   466 | D        | Gained mutation: Your magical capacity is low. (-10% MP) [a neqoxec]
   468 | D        | Reached skill level 10 in Evocations
   470 | D        | Gained mutation: You expend magic power (3 MP) to strengthen your wands. [a neqoxec]
   478 | D        | Reached ***** piety under Makhleb
   479 | D        | Gained mutation: Armour fits poorly on your strangely shaped body. [a neqoxec]
   485 | D        | Arena points: 141 (+84) [x3]
   505 | D        | Bought a potion of cure mutation for 175 gold pieces
   505 | D        | Lost mutation: Armour fits poorly on your strangely shaped body. [potion of cure mutation]
   505 | D        | Lost mutation: Your magical capacity is low. (-10% MP) [potion of cure mutation]
   505 | D        | Lost mutation: You expend magic power (3 MP) to strengthen your wands. [potion of cure mutation]
   505 | D        | Lost mutation: Your system is resistant to poisons. (rPois) [potion of cure mutation]
   542 | D        | Round 5.
   545 | D        | Noticed a giant anaconda
   563 | D        | Killed a giant anaconda
   563 | D        | Arena points: 316 (+175) [x5]
   563 | D        | Reached skill level 10 in Shields
   563 | D        | Gained mutation: You passively map the area around you. [Deep Dwarf growth]
   563 | D        | Reached XP level 9. HP: 49/88 MP: 15/17
   566 | D        | Got a serpentine rune of Zot
   718 | D        | Bought a crude lead ring for 45 gold pieces
   719 | D        | Identified the ring of Sif Muna's Reproof {+Inv +Fly rF- MR+} (You bought it in a shop in the Dungeon)
   735 | D        | Round 6.
   854 | D        | Noticed a ghoul
   861 | D        | Reached skill level 10 in Armour
   861 | D        | Reached XP level 10. HP: 27/98 MP: 15/17
   861 | D        | HP: 3/98 [ghoul (24)]
   863 | D        | Arena points: 352 (+36) [x1]
   878 | D        | Round 7.
   880 | D        | Reached ****** piety under Makhleb
   910 | D        | Arena points: 492 (+140) [x2]
   921 | D        | Bought a heavily runed shield for 332 gold pieces
   931 | D        | Identified the cursed +0 shield of the Orb Guardian {rElec rPois rN+ Stlth+} (You bought it in a shop in the Dungeon)
   954 | D        | Round 8.
   960 | D        | Noticed a deep troll
   972 | D        | Killed a deep troll
   972 | D        | Reached skill level 5 in Dodging
   989 | D        | Noticed a deep troll
   996 | D        | Killed a deep troll
   996 | D        | Reached XP level 11. HP: 104/104 MP: 17/17
  1027 | D        | Noticed a deep troll
  1028 | D        | Noticed a deep troll
  1041 | D        | Killed a deep troll
  1041 | D        | Reached skill level 15 in Long Blades
  1046 | D        | Killed a deep troll
  1051 | D        | Noticed a deep troll
  1059 | D        | Killed a deep troll
  1059 | D        | Arena points: 756 (+264) [x3]
  1114 | D        | Round 9.
  1190 | D        | Noticed an oklob plant
  1190 | D        | Noticed an oklob plant
  1257 | D        | Killed an oklob plant
  1271 | D        | Killed an oklob plant
  1288 | D        | Arena points: 828 (+72) [x1]
  1303 | D        | Round 10.
  1330 | D        | Noticed a wolf spider
  1338 | D        | Killed a wolf spider
  1392 | D        | Noticed a wolf spider
  1392 | D        | Noticed a wolf spider
  1396 | D        | Arena points: 1098 (+270) [x3]
  1399 | D        | Got a gossamer rune of Zot
  1423 | D        | Bought 8 scrolls of enchant weapon for 600 gold pieces
  1507 | D        | Got a pair of faintly humming boots
  1513 | D        | Identified the +1 pair of boots of the Poles {rF+ Dex+2 Stlth-} (You found it in the Dungeon)
  1608 | D        | Round 11.
  1686 | D        | Noticed a shining eye
  1694 | D        | Killed a shining eye
  1694 | D        | Reached skill level 10 in Fighting
  1694 | D        | Reached skill level 15 in Evocations
  1703 | D        | Noticed a shining eye
  1705 | D        | Gained mutation: Your body sometimes deteriorates upon taking damage. [a shining eye]
  1706 | D        | Noticed a shining eye
  1707 | D        | Noticed a shining eye
  1711 | D        | Killed a shining eye
  1712 | D        | Gained mutation: You are dopey. (Int -2) [a shining eye]
  1713 | D        | Gained mutation: You sometimes yell uncontrollably at your foes. [a shining eye]
  1715 | D        | Killed a shining eye
  1715 | D        | Gained mutation: Armour fits poorly on your strangely shaped body. [a shining eye]
  1719 | D        | Killed a shining eye
  1720 | D        | Noticed a shining eye
  1722 | D        | Noticed a shining eye
  1727 | D        | Killed a shining eye
  1728 | D        | Noticed a shining eye
  1730 | D        | Noticed a shining eye
  1731 | D        | Killed a shining eye
  1732 | D        | Gained mutation: You tend to lose your temper in combat. [a shining eye]
  1734 | D        | Gained mutation: You are frail. (-10% HP) [a shining eye]
  1736 | D        | Killed a shining eye
  1736 | D        | Reached XP level 12. HP: 105/105 MP: 19/19
  1738 | D        | Gained mutation: Scrolls take you a little longer to read. [a shining eye]
  1765 | D        | Arena points: 1197 (+99) [x1]
  1780 | D        | Round 12.
  1831 | D        | Gained mutation: You are clumsy. (Dex -2) [a shining eye]
  1833 | D        | Lost mutation: Scrolls take you a little longer to read. [a shining eye]
  1835 | D        | Gained mutation: Your body often deteriorates upon taking damage. [a shining eye]
  1917 | D        | Gained mutation: Your magical capacity is low. (-10% MP) [a shining eye]
  1922 | D        | Gained mutation: You often lose your temper in combat. [a shining eye]
  1959 | D        | Gained mutation: Scrolls take you a little longer to read. [a shining eye]
  1966 | D        | Arena points: 1329 (+132) [x1]
  1981 | D        | Round 13.
  2041 | D        | Gained mutation: Your spells are a little easier to cast, but a little less powerful. [a neqoxec]
  2046 | D        | Gained mutation: You are very frail. (-20% HP) [a neqoxec]
  2078 | D        | Gained mutation: Your magical capacity is very low. (-20% MP) [a neqoxec]
  2081 | D        | Gained mutation: You are extremely frail. (-30% HP) [a neqoxec]
  2087 | D        | Lost mutation: Your body often deteriorates upon taking damage. [a neqoxec]
  2104 | D        | Arena points: 1589 (+260) [x2]
  2124 | D        | Bought 2 potions of cure mutation for 350 gold pieces
  2124 | D        | Lost mutation: You are clumsy. (Dex -2) [potion of cure mutation]
  2124 | D        | Lost mutation: You are extremely frail. (-30% HP) [potion of cure mutation]
  2125 | D        | Lost mutation: You are very frail. (-20% HP) [potion of cure mutation]
  2125 | D        | Lost mutation: Armour fits poorly on your strangely shaped body. [potion of cure mutation]
  2125 | D        | Lost mutation: Scrolls take you a little longer to read. [potion of cure mutation]
  2125 | D        | Lost mutation: You are frail. (-10% HP) [potion of cure mutation]
  2126 | D        | Reached XP level 13. HP: 88/127 MP: 16/16
  2166 | D        | Round 14.
  2194 | D        | Noticed a dire elephant
  2211 | D        | Killed a dire elephant
  2238 | D        | Arena points: 2051 (+462) [x3]
  2248 | D        | Round 15.
  2249 | D        | Noticed Fannar
  2285 | D        | Killed Fannar
  2285 | D        | Arena points: 2876 (+825) [x5]
  2291 | D        | Got an elven rune of Zot
  2308 | D        | Bought 2 potions of cure mutation for 350 gold pieces
  2316 | D        | Lost mutation: You sometimes yell uncontrollably at your foes. [potion of cure mutation]
  2316 | D        | Lost mutation: Your magical capacity is very low. (-20% MP) [potion of cure mutation]
  2316 | D        | Lost mutation: You occasionally shout uncontrollably at your foes. [potion of cure mutation]
  2316 | D        | Lost mutation: You often lose your temper in combat. [potion of cure mutation]
  2324 | D        | Lost mutation: Your spells are a little easier to cast, but a little less powerful. [potion of cure mutation]
  2324 | D        | Lost mutation: Your body sometimes deteriorates upon taking damage. [potion of cure mutation]
  2324 | D        | Lost mutation: You tend to lose your temper in combat. [potion of cure mutation]
  2324 | D        | Lost mutation: Your magical capacity is low. (-10% MP) [potion of cure mutation]
  2324 | D        | Lost mutation: You are dopey. (Int -2) [potion of cure mutation]
  2327 | D        | Bought a +0 gold dragon armour for 840 gold pieces
  2484 | D        | Round 16.
  2495 | D        | Noticed a vampire knight
  2506 | D        | Noticed a vampire knight
  2507 | D        | Killed a vampire knight
  2516 | D        | Gained mutation: You resist negative energy. (rN+) [Deep Dwarf growth]
  2516 | D        | Reached XP level 14. HP: 41/141 MP: 21/21
  2528 | D        | Killed a vampire knight
  2537 | D        | Reached XP level 15. HP: 44/148 MP: 23/23
  2559 | D        | Arena points: 3932 (+1056) [x6]
  2574 | D        | Round 17.
  2580 | D        | Bought a polished cloak for 332 gold pieces
  2580 | D        | Bought a slimy helmet for 332 gold pieces
  2580 | D        | Bought a pair of transparent gloves for 332 gold pieces
  2585 | D        | Identified the +0 helmet of the Thistle {MR+ Str-3 Int+4 Stlth+} (You bought it in a shop in the Dungeon)
  2590 | D        | Identified the cursed +0 pair of gloves of Dim Light {rElec rF++} (You bought it in a shop in the Dungeon)
  2595 | D        | Identified the +2 cloak of Brilliance {rN+} (You bought it in a shop in the Dungeon)
  2610 | D        | Noticed an orc warlord
  2618 | D        | Killed an orc warlord
  2618 | D        | Reached skill level 15 in Shields
  2664 | D        | Noticed an orc warlord
  2681 | D        | Killed an orc warlord
  2719 | D        | Arena points: 5598 (+1666) [x7]
  2735 | D        | Bought a heavily runed hat for 315 gold pieces
  2740 | D        | Identified the +1 hat of Notti {+Blink Str+2} (You bought it in a shop in the Dungeon)
  2754 | D        | Bought 4 scrolls of enchant armour for 300 gold pieces
  2754 | D        | Bought 4 scrolls of enchant armour for 300 gold pieces
  2772 | D        | Round 18.
  2911 | D        | Arena points: 7614 (+2016) [x8]
  2924 | D        | Bought 3 scrolls of recharging for 285 gold pieces
  2934 | D        | Round 19.
  2936 | D        | Bought a scroll of brand weapon for 200 gold pieces
  2971 | D        | Bought 5 scrolls of blinking for 375 gold pieces
  3011 | D        | Arena points: 8298 (+684) [x9]
  3028 | D        | Round 20.
  3035 | D        | Noticed a sulfuric acid blob
  3063 | D        | HP: 5/152 [acid (4)]
  3066 | D        | Killed a sulfuric acid blob
  3066 | D        | Arena points: 11158 (+2860) [x11]
  3066 | D        | Reached skill level 15 in Fighting
  3066 | D        | Reached skill level 15 in Armour
  3069 | D        | Got a slimy rune of Zot
  3076 | D        | Bought 3 royal jellies for 24 gold pieces
  3076 | D        | Bought 3 royal jellies for 24 gold pieces
  3076 | D        | Bought 3 royal jellies for 24 gold pieces
  3114 | D        | Bought a faintly humming large shield for 332 gold pieces
  3114 | D        | Bought a shimmering cloak for 332 gold pieces
  3115 | D        | Bought 3 scrolls of identify for 150 gold pieces
  3115 | D        | Bought 3 scrolls of identify for 150 gold pieces
  3115 | D        | Identified the +3 large shield of Caschy {rC+ Int+2} (You bought it in a shop in the Dungeon)
  3116 | D        | Identified the +2 cloak of the Tick {rF+} (You bought it in a shop in the Dungeon)
  3118 | D        | Bought a pair of faintly humming boots for 332 gold pieces
  3118 | D        | Bought a pair of heavily runed gloves for 332 gold pieces
  3118 | D        | Identified the cursed +0 pair of boots of Surprise {rElec rF+ rC+ Dex+3} (You bought it in a shop in the Dungeon)
  3119 | D        | Identified the +4 pair of gloves of the Kettle-Drum {rC+ SInv} (You bought it in a shop in the Dungeon)
  3295 | D        | Round 21.
  3352 | D        | Noticed a Hell Sentinel
  3365 | D        | Killed a Hell Sentinel
  3375 | D        | Noticed a hellephant
  3403 | D        | Killed a hellephant
  3422 | D        | Arena points: 14434 (+3276) [x12]
  3437 | D        | Bought a faintly glowing platinum ring for 45 gold pieces
  3437 | D        | Bought a clouded brass ring for 45 gold pieces
  3437 | D        | Bought a scintillating steel amulet for 45 gold pieces
  3437 | D        | Bought a vibrating ruby amulet for 45 gold pieces
  3446 | D        | Bought 3 scrolls of identify for 150 gold pieces
  3446 | D        | Bought 3 scrolls of identify for 150 gold pieces
  3446 | D        | Identified the ring "Qadey" {rPois Dex+3 Slay+2} (You bought it in a shop in the Dungeon)
  3446 | D        | Round 22.
  3447 | D        | Identified the amulet of the Final Chapter {+Rage rElec rC++ Str+2 SInv} (You bought it in a shop in the Dungeon)
  3448 | D        | Identified the amulet "Fuurphe" {Spirit MR+} (You bought it in a shop in the Dungeon)
  3449 | D        | Identified the ring of Nacw {Fire SInv} (You bought it in a shop in the Dungeon)
  3556 | D        | Bought 2 potions of experience for 600 gold pieces
  3579 | D        | Noticed a fire giant
  3579 | D        | an alligator snapping turtle changed into a fire giant
  3581 | D        | Noticed a sphinx
  3581 | D        | a fire giant changed into a sphinx
  3586 | D        | Killed a sphinx
  3586 | D        | Reached XP level 16. HP: 165/165 MP: 20/20
  3600 | D        | Reached XP level 17. HP: 174/174 MP: 21/21
  3601 | D        | Gained mutation: You passively map a large area around you. [Deep Dwarf growth]
  3601 | D        | Reached XP level 18. HP: 183/183 MP: 22/22
  3618 | D        | Arena points: 14720 (+286) [x1]
  3633 | D        | Round 23.
  3634 | D        | Bought a quad damage for 400 gold pieces
  3758 | D        | Arena points: 15364 (+644) [x2]
  3825 | D        | Round 24.
  4011 | D        | Arena points: 15724 (+360) [x1]
  4026 | D        | Round 25.
  4032 | D        | Bought a potion of experience for 300 gold pieces
  4032 | D        | Bought a potion of experience for 300 gold pieces
  4032 | D        | Reached XP level 19. HP: 180/193 MP: 24/24
  4033 | D        | Reached XP level 20. HP: 187/201 MP: 25/25
  4034 | D        | Reached skill level 5 in Invocations
  4034 | D        | Reached XP level 21. HP: 196/210 MP: 26/26
  4042 | D        | Noticed Mennas
  4052 | D        | Killed Mennas
  4052 | D        | Arena points: 16774 (+1050) [x3]
  4055 | D        | Got a silver rune of Zot
  4086 | D        | Bought a pair of spiked boots for 332 gold pieces
  4090 | D        | Bought a warped buckler for 332 gold pieces
  4091 | D        | Identified the cursed +0 pair of boots of Trumpets {Int+4 Dex+3} (You bought it in a shop in the Dungeon)
  4092 | D        | Identified the +5 buckler of Inevitability {Slay+3} (You bought it in a shop in the Dungeon)
  4223 | D        | Round 26.
  4357 | D        | Reached skill level 27 in Long Blades
  4386 | D        | Arena points: 19166 (+2392) [x4]
  4400 | D        | Bought a shimmering marble ring for 45 gold pieces
  4400 | D        | Bought a steaming lead ring for 45 gold pieces
  4400 | D        | Bought a bound bronze ring for 45 gold pieces
  4400 | D        | Identified the ring "Egumeiva" {rElec rF+ rC+ MP+9 Int+3} (You bought it in a shop in the Dungeon)
  4401 | D        | Identified the ring of Bimeh {Wiz rPois Int+6 Dex-2} (You bought it in a shop in the Dungeon)
  4419 | D        | Bought 3 scrolls of identify for 150 gold pieces
  4419 | D        | Bought 3 scrolls of identify for 150 gold pieces
  4419 | D        | Bought 3 scrolls of identify for 150 gold pieces
  4419 | D        | Bought 3 scrolls of identify for 150 gold pieces
  4419 | D        | Identified the ring "Efixt" {Ice +Blink Str-3 Int+5 Stlth+} (You bought it in a shop in the Dungeon)
  4429 | D        | Bought a slimy tin amulet for 45 gold pieces
  4429 | D        | Bought a twitching jade ring for 45 gold pieces
  4429 | D        | Bought a sparkling ivory ring for 45 gold pieces
  4429 | D        | Bought a sparkling golden amulet for 45 gold pieces
  4429 | D        | Bought a slimy ivory ring for 45 gold pieces
  4429 | D        | Bought a transparent brass amulet for 45 gold pieces
  4429 | D        | Identified the amulet "Koaclero" {RegenMP Fragile rPois rF+ Str+4} (You bought it in a shop in the Dungeon)
  4430 | D        | Identified the ring of Vurgh {rElec rN++ MR+ Str-5 Stlth+} (You bought it in a shop in the Dungeon)
  4431 | D        | Identified the ring of Ruphoiw {rN+ Str+6 Stlth-} (You bought it in a shop in the Dungeon)
  4432 | D        | Identified the amulet "Remaral" {Harm *Drain Str-5 Dex+8} (You bought it in a shop in the Dungeon)
  4433 | D        | Identified the ring "Otzoc" {Ice Str+2} (You bought it in a shop in the Dungeon)
  4434 | D        | Identified the amulet "Zufeptoe" {Faith rPois Str+3 Dex-4} (You bought it in a shop in the Dungeon)
  4435 | D        | Round 27.
  4503 | D        | Noticed an ancient lich
  4512 | D        | Noticed Tiamat
  4512 | D        | Killed an ancient lich
  4514 | D        | Noticed a Killer Klown
  4530 | D        | Reached skill level 27 in Evocations
  4552 | D        | Noticed an orb of fire
  4556 | D        | Killed Tiamat
  4556 | D        | Reached XP level 22. HP: 139/235 MP: 28/28
  4556 | D        | Gained mutation: You tend to lose your temper in combat. [an orb of fire]
  4565 | D        | Gained mutation: Scrolls take you a little longer to read. [an orb of fire]
  4566 | D        | Gained mutation: Armour fits poorly on your strangely shaped body. [an orb of fire]
  4568 | D        | Noticed an orb of fire
  4577 | D        | Gained mutation: Your spells are a little easier to cast, but a little less powerful. [an orb of fire]
  4580 | D        | Killed an orb of fire
  4584 | D        | Reached XP level 23. HP: 88/246 MP: 29/29
  4584 | D        | Gained mutation: You are frail. (-10% HP) [an orb of fire]
  4599 | D        | Killed a Killer Klown
  4599 | D        | Gained mutation: Your magical capacity is low. (-10% MP) [an orb of fire]
  4610 | D        | Killed an orb of fire
  4613 | D        | HP: 10/223 [Orb Guardian (25)]
  4654 | D        | Arena points: 21596 (+2430) [x5]
  4670 | D        | Bought 3 potions of experience for 900 gold pieces
  4676 | D        | Bought 3 potions of cure mutation for 525 gold pieces
  4676 | D        | Lost mutation: Scrolls take you a little longer to read. [potion of cure mutation]
  4676 | D        | Lost mutation: You tend to lose your temper in combat. [potion of cure mutation]
  4676 | D        | Lost mutation: Your magical capacity is low. (-10% MP) [potion of cure mutation]
  4676 | D        | Lost mutation: Armour fits poorly on your strangely shaped body. [potion of cure mutation]
  4677 | D        | Lost mutation: Your spells are a little easier to cast, but a little less powerful. [potion of cure mutation]
  4677 | D        | Lost mutation: You are frail. (-10% HP) [potion of cure mutation]
  4678 | D        | Reached skill level 10 in Dodging
  4678 | D        | Reached XP level 24. HP: 198/259 MP: 23/27
  4679 | D        | Reached XP level 25. HP: 204/267 MP: 23/27
  4680 | D        | Reached XP level 26. HP: 212/277 MP: 23/27
  4683 | D        | Bought a potion of heal wounds for 35 gold pieces
  4683 | D        | Bought 6 potions of agility for 168 gold pieces
  4835 | D        | Round 28.
  4940 | D        | Arena points: 25292 (+3696) [x6]
  4997 | D        | Round 29.
  5009 | D        | Bought 3 potions of experience for 900 gold pieces
  5009 | D        | Reached XP level 27. HP: 246/288 MP: 24/24
  5013 | D        | Bought 3 potions of heal wounds for 105 gold pieces
  5013 | D        | Bought 3 potions of heal wounds for 105 gold pieces
  5045 | D        | Reached skill level 27 in Shields
  5072 | D        | Got the Orb of Zot
  5089 | D        | Noticed Todghobawk the pandemonium lord
  5117 | D        | HP: 11/290 [Ice Fiend/bolt of cold (23)]
  5117 | D        | HP: 5/290 [Executioner (6)]
  5126 | D        | HP: 13/291 [Hell Sentinel (5)]
  5128 | D        | Slain by a Hell Sentinel

Vault maps used:
D:        arena_sprint

Skill      XL: |  1  2  3  4  5  6  7  8  9 10 11 12 13 14 15 16 17 18 19 20 21 22 23 24 25 26 27 |
---------------+----------------------------------------------------------------------------------+-----
Fighting       | 3 5 6 8 10 11 13 16 17 22 23 24 25 | 25.6
Long Blades    | 3 5 7 9 12 13 14 17 18 20 23 24 27 | 27.0
Armour         | 4 6 7 8 9 10 11 12 15 16 18 19 21 23 | 23.1
Shields        | 4 6 7 8 10 12 13 14 17 18 19 23 24 25 26 27 | 27.0
Evocations     | 2 3 5 6 8 9 11 12 13 15 16 17 18 21 22 23 27 | 27.0
Dodging        | 1 2 4 5 7 8 9 10 11 | 11.4
Invocations    | 2 3 4 5 6 7 8 9 |  9.4

Action                   |  1- 3 |  4- 6 |  7- 9 | 10-12 | 13-15 | 16-18 | 19-21 | 22-24 | 25-27 || total
-------------------------+-------+-------+-------+-------+-------+-------+-------+-------+-------++-------
Melee: Long sword        |    28 |    29 |    59 |       |       |       |       |       |       ||   116
       Double sword      |       |       |    26 |   201 |   369 |   121 |   194 |    69 |    84 ||  1064
 Abil: Device Recharging |       |       |     2 |     2 |     6 |       |     1 |     2 |     6 ||    19
Evoke: Wand              |       |     1 |     9 |    17 |    25 |       |       |     9 |    23 ||    84
       Quad damage       |       |       |       |       |       |       |     1 |       |       ||     1
  Use: Potion            |     1 |     2 |     2 |     4 |    10 |     3 |     2 |     5 |    12 ||    41
       Scroll            |       |       |       |     9 |    20 |       |    11 |       |       ||    40
 Stab: Petrified         |       |       |       |       |     9 |       |       |       |       ||     9
       Petrifying        |       |       |       |       |     1 |       |       |       |       ||     1
  Eat: Royal jelly       |       |       |     1 |     1 |     5 |       |     2 |       |       ||     9
       Bread ration      |       |       |       |     1 |       |       |       |       |       ||     1
Armor: Scale mail        |     8 |    17 |    24 |    29 |    16 |       |       |       |       ||    94
       Gold dragon armou |       |       |       |       |   112 |    42 |    70 |     9 |   114 ||   347
Dodge: Dodged            |     7 |    11 |    29 |    58 |    84 |    25 |    37 |    12 |   141 ||   404
Block: Shield            |     8 |    30 |    53 |    93 |   206 |    68 |    88 |    32 |   161 ||   739
       Rpst.: Long sword |     1 |       |     7 |       |       |       |       |       |       ||     8
       Double sword      |       |       |     4 |     9 |    18 |     4 |     6 |     1 |    15 ||    57
